 Dungeon Crawl Stone Soup version 0.15.0-8-gb109cf8 (webtiles) character file.

10484 Johnny the Cleaver (level 11, -9/83 (87) HPs)
             Began as a Human Berserker on Aug 30, 2014.
             Was the Champion of Trog.
             Killed by divine providence
             ... invoked by an orc high priest
              (13 damage)
             ... on Level 4 of the Orcish Mines.
             The game lasted 00:52:06 (12145 turns).

Johnny the Cleaver (Human Berserker)               Turns: 12145, Time: 00:52:08

HP  -9/83 (87)   AC 19     Str 24      XL: 11   Next: 93%
MP  12/12        EV  7     Int  7      God: Trog [******]
Gold 958         SH  5     Dex 16      Spells:  0 memorised, 10 levels left

rFire  . . .     SeeInvis +     F - +3 hand axe (venom)
rCold  . . .     Clarity  .     h - +0 plate armour
rNeg   . . .     rCorr    .     x - +0 buckler
rPois  .         rRot     .     (no helmet)
rElec  .         Spirit   .     (no cloak)
SustAb .         Warding  .     B - +1 pair of gloves {Str+3}
rMut   .         Stasis   .     j - +1 pair of boots
Gourm  .                        O - amulet of faith
MR     ++...                    p - cursed ring of see invisible
                                s - +3 ring of strength

@: exhausted, about to teleport, very slightly contaminated, regenerating,
slowed, very slow, very resistant to hostile enchantments, extremely unstealthy
A: no striking features
a: Burn Spellbooks, Berserk, Trog's Hand, Brothers in Arms, Renounce Religion


You were on level 4 of the Orcish Mines.
You worshipped Trog.
Trog was exalted by your worship.
You were very hungry.

You visited 2 branches of the dungeon, and saw 13 of its levels.
You also visited: Sewer and Ossuary.

You collected 1182 gold pieces.
You spent 224 gold pieces at shops.

Inventory:

Hand weapons
 f - a +2 hand axe of electrocution
 F - a +3 hand axe of venom (weapon)
 G - a +3 battleaxe of freezing
 N - the cursed +9 quarterstaff of Planymn {venom, rF++ Dex+3, unknown}
   (Trog gifted it to you on level 7 of the Dungeon)

   It poisons the flesh of those it strikes.
   It affects your dexterity (+3).
   It greatly protects you from fire.
   It has a curse placed upon it.
Missiles
 b - 4 poisoned javelins
 k - 7 tomahawks (quivered)
 H - 4 silver javelins
Armour
 h - a +0 plate armour (worn)
 j - a +1 pair of boots (worn)
 x - a +0 buckler (worn)
 B - a +1 pair of gloves of strength (worn)
Magical devices
 E - a wand of lightning (3)
 P - a wand of invisibility (0)
Comestibles
 c - 6 bread rations
 l - a beef jerky
 v - 7 slices of pizza
 R - a meat ration
Scrolls
 e - 2 scrolls of remove curse
 n - a scroll of enchant armour {unknown}
 u - a scroll of teleportation
 J - 3 scrolls of magic mapping
 L - a scroll of fear {unknown}
Jewellery
 p - a cursed ring of see invisible (right hand)
 r - an uncursed amulet of clarity
 s - a +3 ring of strength (left hand)
 w - a cursed ring of teleportation
 A - an uncursed amulet of stasis
 O - an amulet of faith (around neck)
 Q - an uncursed amulet of resist corrosion {unknown}
Potions
 a - 3 potions of magic
 g - 2 potions of brilliance
 m - 11 potions of curing
 o - 2 potions of haste {unknown}
 q - 5 potions of heal wounds {unknown}
 t - a potion of cancellation {unknown}
 z - a potion of agility {unknown}
 C - 2 potions of mutation {unknown}
 D - a potion of resistance {unknown}
 I - 2 potions of flight {unknown}
 K - 2 potions of poison {unknown}
 M - 4 potions of restore abilities {unknown}


   Skills:
 + Level 8.9 Fighting
 + Level 10.5 Axes
 + Level 1.1 Throwing
 + Level 9.4 Armour
 + Level 6.3 Dodging
 + Level 2.5 Stealth
 + Level 4.8 Shields
 + Level 0.9 Evocations


You had 10 spell levels left.
You didn't know any spells.

Dungeon Overview and Level Annotations

Branches:
Dungeon (9/15)             Temple (0/1) D:6             Orc (4/4) D:9
    Elf (0/3) Orc:4          Lair (0/8) D:9

Altars:
Elyvilon
Trog
The Shining One
Beogh

Shops:
D:8 [   D:9 :


Message History

Okay, then.
Drink which item? (? for menu, Esc to quit)
Okay, then.
Drink which item? (? for menu, Esc to quit)
Okay, then.
Read which item? (? for menu, Esc to quit)
As you read the scroll of teleportation, it crumbles to dust.
You feel strangely unstable.
The orc priest shouts!
The orc wizard shouts!
The orc wizard gestures wildly while chanting.
The orc wizard seems to speed up.
The orc priest invokes the aid of Beogh against you.
Something smites you!
* * * LOW HITPOINT WARNING * * *
The orc high priest prays to Beogh.
The orc knight roars a battle-cry!
The orc wizard moves out of view.
The orc high priest calls down the wrath of Beogh upon you.
Something smites you!
You die...

... . .......# #...
.......# # ##...######
.......#.............o.
.......#.............o..
...................oo...
...................oo...
....)......o......o⌠o....
...ooo.o...o....@.o.o....
...o).o...o....o....o....
..ooo..#...o.......3....
..o.o..# ...........o...
.(.....# ####...#######o
.......# #... .).....#
#..o oo...o.# ..o.
o......# .


You could see 3 orc knights, 3 orc high priests, a chaos spawn, an orc sorcerer
(wandering), 4 orc warriors, 5 orc priests, an orc wizard (frenzied) and 3 orcs.

Vanquished Creatures
  An orc knight (Orc:2)
  An elephant (D:9)
  A feature mimic (Orc:4)
  A two-headed ogre (D:8)
  A yak (D:9)
  2 hogs (D:7)
  2 hippogriffs
  A human (D:7)
  Edmund (D:6)
  5 wargs
  14 orc warriors
  Purgy (Sewer)
  3 black bears
  2 ice beasts
  10 ogres
  2 phantoms
  3 sky beasts
  4 necrophages (D:7)
  A centaur (D:5)
  2 crocodiles (D:9)
  Sigmund (D:6)
  Duvessa (D:6)
  3 giant frogs
  A wyvern zombie (D:7)
  3 big kobolds
  2 elf zombies (Ossuary)
  A cyclops zombie (D:9)
  2 scorpions
  6 killer bees (D:9)
  2 hippogriff zombies
  8 wights
  4 goliath beetles (D:9)
  Dowan (D:6)
  2 crimson imps
  3 human zombies (Ossuary)
  4 jellies
  A black bear zombie (D:3)
  4 hounds
  15 orc priests
  2 worker ants
  Natasha (thrice) (D:6)
  An iguana (D:9)
  14 orc wizards
  A quasit (D:8)
  2 sheep (D:7)
  A big kobold zombie (Ossuary)
  Ijyb (D:3)
  An ogre zombie (D:7)
  6 mummies
  A hound zombie (D:6)
  9 adders
  3 gnolls (D:2)
  A worker ant zombie (D:8)
  2 shadow imps (D:7)
  2 giant mites
  2 worms
  3 adder zombies (Ossuary)
  4 giant geckos
  117 orcs
  4 giant cockroaches
  11 goblins
  12 hobgoblins
  3 quokkas
  5 ball pythons
  13 bats
  8 giant newts
  A giant spore (D:8)
  A goblin zombie (Ossuary)
  9 hobgoblin zombies
  2 jackals (D:2)
  A jackal zombie (Ossuary)
  25 kobolds
  9 kobold zombies (Ossuary)
  2 orc skeletons
  7 orc zombies (Ossuary)
  A quokka skeleton (D:5)
  A quokka zombie (D:6)
  18 rats
  A rat skeleton (D:6)
  2 rat zombies (Ossuary)
  A ballistomycete (D:8)
435 creatures vanquished.

Vanquished Creatures (others)
  An orc (Orc:3)
1 creature vanquished.

Grand Total: 436 creatures vanquished

Notes
Turn   | Place    | Note
--------------------------------------------------------------
     0 | D:1      | Johnny, the Human Berserker, began the quest for the Orb.
     0 | D:1      | Reached XP level 1. HP: 18/18 MP: 1/1
   359 | D:1      | Reached XP level 2. HP: 24/24 MP: 2/2
   975 | D:2      | Reached XP level 3. HP: 29/29 MP: 3/3
   998 | D:2      | Reached XP level 4. HP: 32/36 MP: 4/4
  1200 | D:2      | Acquired Trog's second power
  1309 | D:2      | Reached skill level 4 in Axes
  1594 | D:2      | Reached XP level 5. HP: 38/42 MP: 5/5
  2556 | D:3      | Noticed Ijyb
  2561 | D:3      | Killed Ijyb
  2633 | D:3      | Reached skill level 1 in Stealth
  2633 | D:3      | Reached XP level 6. HP: 38/48 MP: 6/6
  3457 | D:4      | Reached XP level 7. HP: 51/55 MP: 7/7
  3905 | D:5      | Entered Level 5 of the Dungeon
  3921 | D:5      | Reached skill level 5 in Fighting
  3921 | D:5      | Reached skill level 5 in Axes
  3987 | D:5      | Reached XP level 8. HP: 54/62 MP: 8/8
  4059 | D:5      | Reached skill level 5 in Armour
  4263 | D:5      | Found a sand-covered staircase.
  4407 | Ossuary  | Entered an ossuary
  4544 | Ossuary  | Reached skill level 6 in Axes
  4977 | D:6      | Noticed Dowan
  4981 | D:6      | Noticed Duvessa
  4982 | D:6      | Noticed Edmund
  4992 | D:6      | Killed Duvessa
  4992 | D:6      | Reached XP level 9. HP: 69/69 MP: 9/9
  4994 | D:6      | Killed Edmund
  4995 | D:6      | Acquired Trog's third power
  5000 | D:6      | Killed Dowan
  5000 | D:6      | Reached skill level 7 in Axes
  5325 | D:6      | Noticed Sigmund
  5334 | D:6      | Killed Sigmund
  5368 | D:6      | Found a glowing drain.
  5370 | D:6      | Noticed Natasha
  5376 | D:6      | Killed Natasha
  5392 | Sewer    | Entered a sewer
  5415 | Sewer    | Noticed Purgy
  5429 | Sewer    | Killed Purgy
  5526 | D:6      | Noticed Natasha
  5533 | D:6      | Killed Natasha
  5552 | D:6      | Noticed Natasha
  5556 | D:6      | Killed Natasha
  5565 | D:6      | Found a bloodstained altar of Trog.
  5575 | D:6      | Reached skill level 1 in Shields
  5772 | D:6      | Found a staircase to the Ecumenical Temple.
  5789 | D:6      | Found a white marble altar of Elyvilon.
  6070 | D:7      | Reached skill level 5 in Dodging
  6072 | D:7      | Reached skill level 8 in Axes
  6072 | D:7      | Reached XP level 10. HP: 77/77 MP: 10/10
  6268 | D:7      | Received a gift from Trog
  6277 | D:7      | Got a fine quarterstaff {god gift}
  6745 | D:7      | Found a glowing golden altar of the Shining One.
  6965 | D:8      | Found Zaosaodwass' Antique Armour Shop.
  6975 | D:8      | Bought a pair of runed boots for 112 gold pieces
  6975 | D:8      | Bought a pair of runed gloves for 112 gold pieces
  7165 | D:8      | Reached skill level 9 in Axes
  7248 | D:8      | Reached skill level 1 in Throwing
  7381 | D:8      | Found a glowing golden altar of the Shining One.
  7724 | D:9      | Received a gift from Trog
  7853 | D:9      | Reached XP level 11. HP: 77/82 MP: 11/11
  7901 | D:9      | Received a gift from Trog
  7986 | D:9      | Found a staircase to the Orcish Mines.
  8278 | D:9      | Noticed an elephant
  8290 | D:9      | Killed an elephant
  8506 | D:9      | Found a staircase to the Lair.
  8981 | D:9      | Found Phauzesi's Book Boutique.
  9085 | Orc:1    | Entered Level 1 of the Orcish Mines
  9324 | Orc:1    | Received a gift from Trog
  9592 | Orc:2    | Found a roughly hewn altar of Beogh.
  9740 | Orc:3    | Noticed an orc knight
 10000 | Orc:2    | Killed an orc knight
 10000 | Orc:2    | Reached skill level 10 in Axes
 10117 | Orc:3    | Received a gift from Trog
 11214 | Orc:3    | Found a roughly hewn altar of Beogh.
 11610 | Orc:4    | Entered Level 4 of the Orcish Mines
 11610 | Orc:4    | Found a staircase to the Elven Halls.
 11939 | Orc:4    | Received a gift from Trog
 12127 | Orc:4    | Noticed an orc sorcerer
 12128 | Orc:4    | Noticed an orc high priest
 12130 | Orc:4    | Noticed an orc warlord
 12131 | Orc:4    | Noticed an orc sorcerer
 12131 | Orc:4    | Noticed an orc knight
 12144 | Orc:4    | Noticed an orc high priest
 12145 | Orc:4    | Noticed an orc knight
 12145 | Orc:4    | Noticed an orc knight
 12145 | Orc:4    | Noticed an orc high priest
 12145 | Orc:4    | HP: 4/83 [orc priest/divine providence (9)]
 12145 | Orc:4    | Killed from afar by an orc high priest

Action                   |  1- 3 |  4- 6 |  7- 9 | 10-12 || total
-------------------------+-------+-------+-------+-------++-------
Melee: Hand axe          |    34 |   149 |   305 |   674 ||  1162
Throw: Tomahawk          |       |     4 |       |     1 ||     5
Invok: Berserk           |       |     2 |     5 |     8 ||    15
       Trog's Hand       |       |     1 |     4 |     5 ||    10
       Burn Spellbooks   |       |       |     1 |     1 ||     2
Evoke: Wand              |       |       |       |    10 ||    10
  Use: Scroll            |       |     8 |     3 |    14 ||    25
 Stab: Sleeping          |     1 |       |       |       ||     1
       Invisible         |       |       |       |     5 ||     5
  Eat: Chunk             |       |     9 |     2 |    11 ||    22
       Meat ration       |       |       |     2 |       ||     2
       Bread ration      |       |       |     1 |     1 ||     2
       Pizza             |       |       |     1 |       ||     1
       Fruit             |       |       |       |     4 ||     4
       Royal jelly       |       |       |       |     2 ||     2
       Beef jerky        |       |       |       |     2 ||     2
